 Dungeon Crawl Stone Soup version 0.24.0-1-gfbc8707 (webtiles) character file.

Game seed: 15301099427801082293, levelgen mode: deterministic

81825 Illumine the Thaumaturge (level 15, -1/115 HPs)
             Began as a Gnoll Conjurer on Nov 19, 2019.
             Was the Champion of Ashenzari.
             Slain by a two-headed ogre
             ... wielding a +0 giant club
              (5 damage)
             ... on level 15 of the Dungeon on Nov 20, 2019.
             The game lasted 02:05:04 (39003 turns).

Illumine the Thaumaturge (Gnoll Conjurer)          Turns: 39003, Time: 02:05:04

Health: -1/115     AC: 11    Str: 10    XL:     15   Next: 71%
Magic:  20/30      EV: 20    Int: 24    God:    Ashenzari [******]
Gold:   828        SH: 12    Dex: 16    Spells: 10/36 levels left

rFire    + . .     SeeInvis +   N - +7 eveningstar (curse)
rCold    . . .     Gourm    .   U - +0 buckler (curse)
rNeg     . . .     Faith    .   K - +2 robe {Archmagi} (curse)
rPois    .         Spirit   .   w - +0 helmet {SInv}
rElec    .         Reflect  +   f - +0 cloak
rCorr    +         Harm     .   P - +1 pair of gloves
MR       +....     Clarity  +   R - +0 pair of boots
Stlth    +++++.....             T - +5 amulet of reflection (curse)
HPRegen  0.29/turn              i - ring of resist corrosion (curse)
MPRegen  0.22/turn              B - ring of protection from fire (curse)

@: no status effects
A: distributed training, fangs 1, strong nose
a: Curse Item, Scrying, Renounce Religion


You were on level 15 of the Dungeon.
You worshipped Ashenzari.
Ashenzari was exalted by your worship.
You were hungry.

You visited 5 branches of the dungeon, and saw 25 of its levels.
You also visited: Ossuary and Bailey.

You collected 2042 gold pieces.
You spent 1214 gold pieces at shops.

Inventory:

Hand Weapons
 d - the +9 heavy crossbow "Sniper" {velocity, Acc+∞ SInv}
   (You found it on level 14 of the Dungeon)

   Any bolt fired from it inflicts extra damage.
   It lets you see invisible.
 N - a cursed +7 eveningstar (weapon)
Missiles
 k - 4 silver boomerangs
 m - 6 silver javelins
 v - 5 throwing nets
 y - 14 boomerangs (quivered)
 F - 13 atropa-tipped darts
Armour
 f - a +0 cloak (worn)
 w - a +0 helmet of see invisible (worn)
 K - a cursed +2 robe of the Archmagi (worn)
 P - a +1 pair of gloves (worn)
 R - a +0 pair of boots (worn)
 U - a cursed +0 buckler (worn)
Jewellery
 e - an uncursed ring of positive energy
 i - a cursed ring of resist corrosion (left hand)
 j - the cursed amulet of the Blind Eye {Harm *Drain Int+3 SInv}
   (You acquired it on level 14 of the Dungeon)

   [amulet of harm]

   It increases damage dealt and taken.
   It affects your intelligence (+3).
   It lets you see invisible.
   It causes draining when unequipped.
   It has a curse placed upon it.
 B - a cursed ring of protection from fire (right hand)
 C - the cursed amulet "Qemadd" {Spirit Int+3}
   (You acquired it on level 11 of the Dungeon)

   [amulet of guardian spirit]

   It causes incoming damage to be split between your health and magic.
   It affects your intelligence (+3).
   It has a curse placed upon it.
 D - an uncursed ring of flight
 J - an uncursed ring of protection from magic
 T - a cursed +5 amulet of reflection (around neck)
 Z - an uncursed ring of protection from fire
Wands
 g - a wand of flame (65)
 o - a wand of disintegration (19)
 p - a wand of polymorph (24)
 q - a wand of iceblast (9)
 x - a wand of digging (6)
 M - a wand of random effects (12)
 Q - a wand of enslavement (7)
Scrolls
 a - 6 scrolls of fear
 h - 21 scrolls of teleportation
 r - 4 scrolls of magic mapping
 s - 3 scrolls of amnesia
 t - a scroll of immolation
 u - 8 scrolls of enchant armour
 E - 2 scrolls of blinking
 H - 3 scrolls of vulnerability
 I - 5 scrolls of remove curse
 X - 3 scrolls of summoning
Potions
 b - a potion of cancellation
 l - 5 potions of curing
 n - 3 potions of brilliance
 z - 2 potions of invisibility
 A - a potion of magic
 G - a potion of agility
 L - 3 potions of haste
 O - 2 potions of flight
 S - 3 potions of ambrosia
 V - a potion of mutation
 W - 3 potions of might
 Y - 4 potions of resistance
Comestibles
 c - 24 rations


   Skills:
 + Level 10.1 Fighting
 + Level 10.1 Short Blades
 + Level 10.1 Long Blades
 + Level 10.1 Axes
 + Level 10.1(14.3) Maces & Flails
 + Level 10.1 Polearms
 + Level 10.1 Staves
 + Level 10.1 Slings
 + Level 10.1 Bows
 + Level 10.1 Crossbows
 + Level 10.1 Throwing
 + Level 10.1 Armour
 + Level 11.0 Dodging
 + Level 10.9 Stealth
 + Level 10.1(12.9) Shields
 + Level 10.1 Unarmed Combat
 + Level 11.2 Spellcasting
 + Level 11.0(15.2) Conjurations
 + Level 8.5(12.9) Hexes
 + Level 8.5(12.9) Charms
 + Level 8.5(12.9) Summonings
 + Level 8.5(12.9) Necromancy
 + Level 8.5(12.9) Translocations
 + Level 8.5(12.9) Transmutations
 + Level 8.5(12.9) Fire Magic
 + Level 8.5(12.9) Ice Magic
 + Level 8.5(12.9) Air Magic
 + Level 8.5(12.9) Earth Magic
 + Level 8.5(12.9) Poison Magic
 + Level 10.9 Invocations
 + Level 10.1(14.3) Evocations


You had 10 spell levels left.
You knew the following spells:

 Your Spells              Type           Power        Failure   Level  Hunger
a - Magic Dart            Conj           ####         0%          1    None
b - Iron Shot             Conj/Erth      #######...   2%          6    #####..
c - Dazzling Spray        Conj/Hex       ######       1%          3    None
d - Iskenderun's Mystic   Conj           #######.     1%          4    None
e - Cause Fear            Hex            #######...   1%          4    None
f - Fulminant Prism       Conj/Hex       #######...   1%          4    None
i - Summon Lightning Spi  Summ/Air       #######.     1%          4    None

Your spell library contained the following spells:

 Spells                   Type           Power        Failure   Level  Hunger
 Sting                    Conj/Pois      ####         0%          1    None
 Searing Ray              Conj           ######       0%          2    None
 Animate Skeleton         Necr           N/A          1%          1    None
 Corona                   Hex            #######      1%          1    None
 Pain                     Necr           ####         1%          1    None
 Summon Small Mammal      Summ           ####         1%          1    None
 Call Imp                 Summ           #######.     1%          2    None
 Poisonous Vapours        Pois/Air       ######       1%          2    None
 Slow                     Hex            #######.     1%          2    None
 Call Canine Familiar     Summ           #######.     1%          3    None
 Inner Flame              Hex/Fire       #######.     1%          3    None
 Mephitic Cloud           Conj/Pois/Air  #######.     1%          3    None
 Portal Projectile        Hex/Tloc       ######       1%          3    None
 Regeneration             Chrm/Necr      #######...   1%          3    None
 Stone Arrow              Conj/Erth      ######       1%          3    None
 Summon Guardian Golem    Hex/Summ       #######.     1%          3    None
 Vampiric Draining        Necr           #######...   1%          3    None
 Animate Dead             Necr           N/A          1%          4    None
 Force Lance              Conj/Tloc      #######.     1%          4    None
 Leda's Liquefaction      Hex/Erth       #######...   1%          4    None
 Summon Ice Beast         Ice/Summ       #######.     1%          4    None
 Alistair's Intoxication  Tmut/Pois      #######.     1%          5    ####...
 Bolt of Magma            Conj/Fire/Erth #######...   1%          5    ####...
 Iskenderun's Battlesphe  Conj/Chrm      #######.     1%          5    ####...
 Venom Bolt               Conj/Pois      #######...   1%          5    ####...
 Orb of Destruction       Conj           #######...   8%          7    #######
 Spellforged Servitor     Conj/Summ      #######...   12%         7    #######


Dungeon Overview and Level Annotations

Branches:
Dungeon (15/15)            Temple (0/1) D:7            Lair (6/6) D:9
 Shoals (1/4) Lair:4       Spider (1/4) Lair:3        Slime (0/5) Lair:6
    Orc (2/2) D:9             Elf (0/3) Orc:2        Vaults (0/5) D:14
Ossuary (visited)          Bailey (visited)
 Depths: D:15

Altars:
Ashenzari
Fedhas
Hepliaklqana
Makhleb
Nemelex Xobeh
Okawaru
Qazlal
Trog
Yredelemnul
Zin
Beogh
Jiyva

Shops:
Orc:2 **:!


Innate Abilities, Weirdness & Mutations

Your experience applies equally to all skills.
You have very sharp teeth.
Your uncanny sense of smell can sniff out nearby items.


Message History

You barely miss the two-headed ogre.
The two-headed ogre is almost dead.
The two-headed ogre hits you with a +0 giant spiked club!
The two-headed ogre barely misses you.
The two-headed ogre hits you with a +0 giant club!
* * * LOW HITPOINT WARNING * * *
The two-headed ogre closely misses you.
The ogre mage mumbles some strange words.
The ogre mage blinks!
Casting: Dazzling Spray (safe; 1% risk of failure)
Confirm with . or Enter, or press ? or * to list all spells.
Okay, then.
You block the two-headed ogre's attack.
The two-headed ogre hits you with a +0 giant club!
* * * LOW HITPOINT WARNING * * *
The two-headed ogre hits you with a +0 giant spiked club!
* * * LOW HITPOINT WARNING * * *
The two-headed ogre misses you.
The two-headed ogre barely misses you. x2
The two-headed ogre hits you with a +0 giant club.
You die...

* * * #.....#
#.....#
#####.....####*
** * *
#.............
#$........!...
, ,,
#....O...)....,
,,,,,,
#.....OO§.....
,,* *
#.....@O......
* ,*
#......O#####.,
*** **
#.......# ∆ ∩ ,
*
#.....!.#,,,*,,
, ≈ ,
#.......#∆ * ,
*+, , ###.....#
** , * .......
,,, * , ,, *,*
.#...... ,, , *
, , ** * , **+
* * *, ,


You could see 4 two-headed ogres and an ogre mage.

Vanquished Creatures
  Rupert (D:13)
  Frances (D:13)
  5 slime creatures (D:14)
  5 hydras
  2 catoblepae (Lair:5)
  2 centaur warriors
  5 two-headed ogres
  A merfolk aquamancer (Shoals:1)
  2 death knights (D:14)
  Urug (Lair:6)
  A deep elf knight (D:14)
  A skeletal warrior (D:11)
  An unseen horror (D:10)
  An orc knight (D:14)
  The ghost of Despondentz the Shield-Bearer, a novice HuFi of Zin (D:5)
  A cyclops (D:11)
  An ugly thing (D:12)
  4 oklob plants (Lair:5)
  A manticore (D:14)
  4 orc sorcerers (Orc:2)
  3 black mambas
  A water nymph (Shoals:1)
  14 spiny frogs
  2 rime drakes (Lair:3)
  5 komodo dragons
  A freezing wraith (D:14)
  5 trolls
  A queen bee (D:9)
  A queen bee (shapeshifter) (D:14)
  6 hornets (Lair:6)
  3 polar bears
  20 blink frogs
  A meliai zombie (D:13)
  Grinder (D:3)
  14 dream sheep
  12 hippogriffs
  2 redbacks (Lair:3)
  3 water elementals
  A vampire (D:14)
  9 spriggans (Lair:6)
  3 wraiths
  32 yaks
  2 wyverns
  A hog (shapeshifter) (D:14)
  4 basilisks
  10 humans (D:14)
  3 vampire mosquitoes (D:12)
  4 hungry ghosts
  4 wargs
  2 acid dragons
  16 water moccasins
  15 porcupines
  10 orc warriors
  5 ice beasts
  2 phantoms
  3 black bears
  6 sky beasts
  18 wolves
  15 ogres
  4 boggarts
  9 centaurs
  8 crocodiles
  A big kobold (D:9)
  An elf zombie (Ossuary)
  12 bullfrogs
  A gnoll sergeant (D:8)
  Blork the orc (D:5)
  A wyvern skeleton (D:10)
  2 scorpions
  26 killer bees
  5 wights
  7 electric eels
  5 crimson imps
  4 centaur zombies
  2 bullfrog zombies (D:6)
  A quasit (D:5)
  4 hounds
  A human zombie (Ossuary)
  A jelly (D:10)
  12 orc priests
  4 bullfrog skeletons
  4 centaur skeletons
  Jessica (D:2)
  9 worker ants
  15 orc wizards
  A big kobold zombie (Ossuary)
  2 hound skeletons
  2 mummies (Ossuary)
  2 worker ant zombies
  A howler monkey skeleton (D:5)
  12 adders
  7 gnolls
  5 shadow imps
  2 oozes
  2 adder skeletons
  An adder zombie (D:8)
  3 worms
  3 dart slugs
  4 leopard geckos
  60 orcs
  4 giant cockroaches
  8 goblins
  8 hobgoblins
  15 kobolds
  5 quokkas
  2 ball pythons (D:3)
  9 bats
  10 frilled lizards
  A goblin zombie (Ossuary)
  8 hobgoblin zombies (Ossuary)
  4 jackal zombies
  11 kobold zombies (Ossuary)
  3 leopard gecko skeletons
  9 orc zombies (Ossuary)
  2 quokka skeletons
  A quokka zombie (D:7)
  6 rats
  2 rat zombies (Ossuary)
  2 fungi
  13 plants
672 creatures vanquished.

Vanquished Creatures (collateral kills)
  An orc warlord (Orc:1)
  A catoblepas (Lair:6)
  A merfolk aquamancer (Shoals:1)
  A tengu warrior (D:14)
  A two-headed ogre (D:12)
  An ogre mage (D:14)
  A fire crab (D:14)
  4 skeletal warriors
  A deep elf archer (D:14)
  An orc knight (D:14)
  6 orc sorcerers (Orc:2)
  3 manticores
  2 cyclopes
  2 spiny frogs (Lair:6)
  A komodo dragon (Lair:6)
  A yaktaur (D:14)
  A troll (Orc:2)
  4 merfolk (Shoals:1)
  A wind drake (shapeshifter) (D:14)
  A hippogriff (Lair:6)
  A redback (Spider:1)
  2 wraiths (D:14)
  5 yaks
  3 spriggans (Lair:6)
  3 water elementals (Shoals:1)
  A vampire (D:14)
  6 humans (D:14)
  A wyvern (Lair:6)
  A vampire mosquito (D:12)
  4 wargs (Orc:2)
  A soldier ant (D:13)
  8 orc warriors
  A phantom (D:12)
  An ice beast (D:10)
  2 black bears (Lair:6)
  9 centaurs
  5 ogres
  3 wolves (Lair:6)
  A boggart (Lair:6)
  A crocodile (shapeshifter) (D:14)
  2 crocodiles
  3 big kobolds
  A scorpion (D:13)
  2 wights (D:13)
  A crimson imp (D:10)
  A hound (D:12)
  18 orc wizards
  5 orc priests
  An iguana (D:12)
  A worker ant (D:13)
  An adder (D:12)
  32 orcs
  4 goblins (D:14)
  6 kobolds
  2 plants (Shoals:1)
174 creatures vanquished.

Vanquished Creatures (others)
  2 centaur warriors (D:14)
  A centaur (D:10)
  Ijyb (D:3)
  An orc wizard (Orc:2)
  A bush (D:5)
  14 fulminant prisms
  17 fungi
  14 plants
  2 withered plants (D:14)
53 creatures vanquished.

Grand Total: 899 creatures vanquished

Notes
Turn   | Place    | Note
-------+----------+-------------------------------------------
     0 | D:1      | Illumine the Gnoll Conjurer began the quest for the Orb.
     0 | D:1      | Reached XP level 1. HP: 13/13 MP: 6/6
   250 | D:1      | Reached XP level 2. HP: 19/19 MP: 4/7
   479 | D:1      | You fall into a shaft and drop 1 floor!
   524 | D:2      | Learned a level 2 spell: Searing Ray
   650 | D:2      | Noticed Jessica
   653 | D:2      | Killed Jessica
   653 | D:2      | Reached skill level 5 in Spellcasting
   653 | D:2      | Reached skill level 1 in Invocations
   653 | D:2      | Reached XP level 3. HP: 25/25 MP: 2/9
   855 | D:2      | Reached skill level 1 in Fighting
   855 | D:2      | Reached skill level 1 in Short Blades
   855 | D:2      | Reached skill level 1 in Long Blades
   855 | D:2      | Reached skill level 1 in Axes
   855 | D:2      | Reached skill level 1 in Maces & Flails
   855 | D:2      | Reached skill level 1 in Polearms
   855 | D:2      | Reached skill level 1 in Staves
   855 | D:2      | Reached skill level 1 in Slings
   855 | D:2      | Reached skill level 1 in Bows
   855 | D:2      | Reached skill level 1 in Crossbows
   855 | D:2      | Reached skill level 1 in Throwing
   855 | D:2      | Reached skill level 1 in Armour
   855 | D:2      | Reached skill level 1 in Shields
   855 | D:2      | Reached skill level 1 in Unarmed Combat
   855 | D:2      | Reached skill level 1 in Evocations
   906 | D:2      | Reached XP level 4. HP: 32/32 MP: 7/11
   953 | D:2      | Noticed a black bear
   964 | D:2      | Learned a level 3 spell: Dazzling Spray
  1118 | D:3      | Found a transporter.
  1192 | D:3      | Found a transporter.
  1195 | D:3      | Noticed a hungry ghost
  1222 | D:3      | Found a glowing silver altar of Zin.
  1222 | D:3      | Found an iron altar of Okawaru.
  1228 | D:3      | Reached skill level 1 in Hexes
  1228 | D:3      | Reached skill level 1 in Charms
  1228 | D:3      | Reached skill level 1 in Summonings
  1228 | D:3      | Reached skill level 1 in Necromancy
  1228 | D:3      | Reached skill level 1 in Translocations
  1228 | D:3      | Reached skill level 1 in Transmutations
  1228 | D:3      | Reached skill level 1 in Fire Magic
  1228 | D:3      | Reached skill level 1 in Ice Magic
  1228 | D:3      | Reached skill level 1 in Air Magic
  1228 | D:3      | Reached skill level 1 in Earth Magic
  1228 | D:3      | Reached skill level 1 in Poison Magic
  1314 | D:3      | Learned a level 4 spell: Iskenderun's Mystic Blast
  1581 | D:3      | Reached XP level 5. HP: 37/37 MP: 8/12
  1615 | D:3      | Noticed Ijyb
  1630 | D:3      | Killed Ijyb
  1663 | D:3      | Noticed Grinder
  1671 | D:3      | Killed Grinder
  1671 | D:3      | Reached skill level 5 in Dodging
  1671 | D:3      | Reached XP level 6. HP: 11/44 MP: 1/14
  2429 | D:4      | Reached XP level 7. HP: 50/50 MP: 8/15
  3057 | D:4      | Found a sparkling altar of Nemelex Xobeh.
  3063 | D:4      | Found a shattered altar of Ashenzari.
  3067 | D:4      | Became a worshipper of Ashenzari the Shackled
  3467 | D:5      | Entered Level 5 of the Dungeon
  3478 | D:5      | Found a sand-covered staircase.
  3613 | Ossuary  | Entered an ossuary
  4113 | Ossuary  | Reached skill level 5 in Stealth
  4611 | D:2      | Reached XP level 8. HP: 57/57 MP: 3/16
  4712 | D:2      | Found a bloodstained altar of Trog.
  5111 | D:5      | Found a transporter.
  5152 | D:5      | Noticed Despondentz's ghost (novice HuFi)
  5167 | D:5      | Found a transporter.
  5692 | D:5      | Noticed Blork the orc
  5726 | D:5      | Killed Blork the orc
  5870 | D:5      | Reached * piety under Ashenzari
  6527 | D:6      | Reached XP level 9. HP: 65/65 MP: 15/18
  8867 | D:7      | Reached ** piety under Ashenzari
  9013 | D:7      | Reached skill level 5 in Invocations
  9593 | D:7      | Found a staircase to the Ecumenical Temple.
  9942 | D:8      | Reached XP level 10. HP: 73/73 MP: 8/20
 10373 | D:8      | Reached *** piety under Ashenzari
 10576 | D:8      | Identified the +2 robe "Cics" {rF- Str+3 Stlth+} (You found
                  | it on level 5 of the Dungeon)
 10965 | D:8      | Reached skill level 5 in Fighting
 10965 | D:8      | Reached skill level 5 in Short Blades
 10965 | D:8      | Reached skill level 5 in Long Blades
 10965 | D:8      | Reached skill level 5 in Axes
 10965 | D:8      | Reached skill level 5 in Maces & Flails
 10965 | D:8      | Reached skill level 5 in Polearms
 10965 | D:8      | Reached skill level 5 in Staves
 10965 | D:8      | Reached skill level 5 in Slings
 10965 | D:8      | Reached skill level 5 in Bows
 10965 | D:8      | Reached skill level 5 in Crossbows
 10965 | D:8      | Reached skill level 5 in Throwing
 10965 | D:8      | Reached skill level 5 in Armour
 10965 | D:8      | Reached skill level 5 in Shields
 10965 | D:8      | Reached skill level 5 in Unarmed Combat
 10965 | D:8      | Reached skill level 5 in Evocations
 11184 | D:5      | Identified the +2 robe "Cics" {rF- Str+3 Stlth+} (You found
                  | it on level 5 of the Dungeon)
 11422 | D:9      | Found a staircase to the Orcish Mines.
 13037 | D:9      | Reached XP level 11. HP: 65/81 MP: 13/22
 13107 | D:9      | Found a stormy altar of Qazlal.
 13362 | D:9      | Found a staircase to the Lair.
 13625 | D:10     | Entered Level 10 of the Dungeon
 13670 | Lair:1   | Entered Level 1 of the Lair of Beasts
 14237 | Lair:1   | Reached **** piety under Ashenzari
 14415 | Lair:1   | Reached skill level 5 in Hexes
 14415 | Lair:1   | Reached skill level 5 in Charms
 14415 | Lair:1   | Reached skill level 5 in Summonings
 14415 | Lair:1   | Reached skill level 5 in Necromancy
 14415 | Lair:1   | Reached skill level 5 in Translocations
 14415 | Lair:1   | Reached skill level 5 in Transmutations
 14415 | Lair:1   | Reached skill level 5 in Fire Magic
 14415 | Lair:1   | Reached skill level 5 in Ice Magic
 14415 | Lair:1   | Reached skill level 5 in Air Magic
 14415 | Lair:1   | Reached skill level 5 in Earth Magic
 14415 | Lair:1   | Reached skill level 5 in Poison Magic
 16389 | Lair:2   | Reached XP level 12. HP: 36/89 MP: 1/24
 18061 | Lair:3   | Found a hole to the Spider Nest.
 18417 | Lair:3   | Reached ***** piety under Ashenzari
 19553 | Lair:4   | Found a staircase to the Shoals.
 20471 | Lair:4   | Noticed a five-headed hydra
 20479 | Lair:4   | Killed a five-headed hydra
 21191 | Lair:5   | Noticed an eight-headed hydra
 21406 | Lair:5   | Killed an eight-headed hydra
 21958 | Lair:5   | Noticed a six-headed hydra
 21979 | Lair:4   | Reached XP level 13. HP: 73/98 MP: 2/26
 23708 | Lair:5   | Learned a level 4 spell: Cause Fear
 23713 | Lair:5   | Learned a level 4 spell: Fulminant Prism
 24368 | Lair:6   | Entered Level 6 of the Lair of Beasts
 24368 | Lair:6   | Found a staircase to the Slime Pits.
 24368 | Lair:6   | Found a viscous altar of Jiyva.
 24701 | Lair:6   | Noticed Urug
 25076 | Orc:1    | Entered Level 1 of the Orcish Mines
 25275 | Orc:1    | Found a burning altar of Makhleb.
 25328 | Orc:2    | Entered Level 2 of the Orcish Mines
 25330 | Orc:2    | Noticed an orc warlord
 25525 | D:10     | Reached skill level 10 in Conjurations
 25778 | D:5      | Killed Despondentz's ghost
 26782 | Lair:6   | Killed Urug
 27622 | Lair:6   | Reached skill level 10 in Spellcasting
 28026 | Lair:6   | Reached XP level 14. HP: 96/106 MP: 15/28
 29019 | Lair:6   | Learned a level 4 spell: Summon Lightning Spire
 29077 | Lair:6   | Reached skill level 10 in Dodging
 30503 | Orc:1    | Killed an orc warlord
 31145 | Orc:2    | Reached skill level 10 in Stealth
 31471 | Orc:2    | Reached ****** piety under Ashenzari
 31658 | Orc:2    | Found Kiettif's Distillery.
 31658 | Orc:2    | Found Fichibu's Book Boutique.
 31664 | Orc:2    | Bought 2 potions of heal wounds for 130 gold pieces
 31664 | Orc:2    | Bought a potion of haste for 130 gold pieces
 31688 | Orc:2    | Bought a book of Power for 585 gold pieces
 31698 | Orc:2    | Found a roughly hewn altar of Beogh.
 31739 | Orc:2    | Reached skill level 10 in Invocations
 31747 | Orc:2    | Found Yhihy's Assorted Antiques.
 31747 | Orc:2    | Found Maemikes's Assorted Antiques.
 31761 | Orc:2    | Bought a scroll labeled KOIR JUBUMM for 27 gold pieces
 31761 | Orc:2    | Bought a scroll of identify for 54 gold pieces
 31770 | Orc:2    | Bought a scroll labeled JEM KERENOU for 24 gold pieces
 31770 | Orc:2    | Bought a scroll of identify for 48 gold pieces
 31770 | Orc:2    | Bought a scroll labeled KEGHUA NOCO for 24 gold pieces
 31770 | Orc:2    | Bought a scroll of identify for 48 gold pieces
 31770 | Orc:2    | Bought a large copper ring for 120 gold pieces
 31770 | Orc:2    | Bought a scroll labeled ZYNGAV BYBIRCHUONT for 24 gold
                  | pieces
 31940 | Orc:2    | Found a staircase to the Elven Halls.
 32124 | Lair:2   | Learned a level 6 spell: Iron Shot
 32183 | Shoals:1 | Entered Level 1 of the Shoals
 32880 | Spider:1 | Entered Level 1 of the Spider Nest
 32881 | Spider:1 | Noticed an entropy weaver
 33662 | D:11     | Identified a scroll of acquirement
 33696 | D:11     | Identified the cursed amulet "Qemadd" {Spirit Int+3} (You
                  | acquired it on level 11 of the Dungeon)
 35289 | D:12     | Found a hazy altar of Hepliaklqana.
 35365 | D:12     | Reached XP level 15. HP: 113/114 MP: 24/29
 35977 | D:13     | Noticed Frances
 35985 | D:13     | Killed Frances
 36239 | D:13     | Noticed Rupert
 36253 | D:13     | Killed Rupert
 36450 | D:14     | Found a gate to the Vaults.
 36588 | D:14     | Found a flagged portal.
 36604 | Bailey   | Entered a bailey
 37375 | D:14     | Found a basalt altar of Yredelemnul.
 37603 | D:14     | Found a blossoming altar of Fedhas.
 37894 | D:14     | Reached skill level 10 in Fighting
 37894 | D:14     | Reached skill level 10 in Short Blades
 37894 | D:14     | Reached skill level 10 in Long Blades
 37894 | D:14     | Reached skill level 10 in Axes
 37894 | D:14     | Reached skill level 10 in Maces & Flails
 37894 | D:14     | Reached skill level 10 in Polearms
 37894 | D:14     | Reached skill level 10 in Staves
 37894 | D:14     | Reached skill level 10 in Slings
 37894 | D:14     | Reached skill level 10 in Bows
 37894 | D:14     | Reached skill level 10 in Crossbows
 37894 | D:14     | Reached skill level 10 in Throwing
 37894 | D:14     | Reached skill level 10 in Armour
 37894 | D:14     | Reached skill level 10 in Shields
 37894 | D:14     | Reached skill level 10 in Unarmed Combat
 37894 | D:14     | Reached skill level 10 in Evocations
 38118 | D:14     | Identified the cursed amulet of the Blind Eye {Harm *Drain
                  | Int+3 SInv} (You acquired it on level 14 of the Dungeon)
 38477 | D:14     | Found the +9 heavy crossbow "Sniper" {velocity, Acc+∞ SInv}
 38480 | D:14     | Identified the Compendium of Dusty Venom
 38983 | D:15     | Entered Level 15 of the Dungeon
 39003 | D:15     | HP: 4/115 [two-headed ogre/+0 giant spiked club (14)]
 39003 | D:15     | Slain by a two-headed ogre

Levels and vault maps discovered:
D:1:      dpeg_arrival_pits, layout_basic
D:2:      layout_basic, trog_book, uniq_jessica
D:3:      minmay_evil_eye, layout_loops_ring, gammafunk_temple_overflow_arena,
          uniq_grinder, uniq_ijyb
D:4:      layout_basic, amethyst_overflow_temple_binary, first_ration
D:5:      layout_basic, gammafunk_ghost_smash, nicolae_ossuary_entry_ruins,
          chequers_serial_rivers_small_b, kb_lookout_dungeons_type,
          uniq_blork_the_orc
D:6:      layout_loops_ring, minmay_misc_feat_secret_circle
D:7:      layout_layer_cave, minmay_temple_entry_arrows
D:8:      layout_gridville
D:9:      layout_basic, lair_entry_dummy, orc_0_dummy,
          hangedman_abyss_or_decor_stabs, david_nohive_1,
          nicolae_qazlal_general_emergency
D:10:     layout_cross, grunt_ministairs_6
D:11:     layout_layer_cave, kennysheep_boxes
D:12:     layout_layer_cave, basic_altar
D:13:     layout_rooms, st_stairs_1, uniq_frances, uniq_rupert
D:14:     minmay_the_grid_triangle_9x9_recursive_3
          [minmay_the_grid_triangle_9x9_empty,
          minmay_the_grid_triangle_9x9_limited_checkers,
          minmay_the_grid_triangle_9x9_steps,
          minmay_the_grid_triangle_9x9_prize_insulated,
          minmay_the_grid_triangle_9x9_shrine,
          minmay_the_grid_triangle_9x9_checkered,
          minmay_the_grid_triangle_9x9_zippers_horizontal,
          minmay_the_grid_triangle_9x9_skeleton,
          minmay_the_grid_triangle_9x9_sprig], layout_loops_ring,
          david_vaults_3, enter_bailey_3, yredelemnul_altar_generic,
          kennysheep_crisscross
D:15:     grunt_enter_depths_hoard, layout_irregular_city, serial_column_ruins,
          column_ruins_hut, column_ruins_open_tiny, column_ruins_open_small,
          column_ruins_open_medium, column_ruins_grid_2,
          column_ruins_open_small, gauntlet_entry_generic, corexii_corridor_pit,
          trove_entry_hex_spiral, grunt_ministairs_13, eino_tiny_chamber,
          minmay_misc_feat_plants
Lair:1:   layout_small_grid, grunt_megastairs_2
Lair:2:   layout_roguey, minmay_holes, infiniplex_staircase_pool,
          serial_bayou_shore_a, serial_bayou_shore_b
Lair:3:   layout_chaotic_city, spider_nest_entry_webs
Lair:4:   layout_cave_pods, minmay_shoals_entry_centaurs, st_stairs_12
Lair:5:   minmay_lair_oklob_tunnel, layout_regular_city
Lair:6:   minmay_lair_end_enchanted_forest, layout_regular_city, slime_altar_1,
          uniq_urug
Shoals:1: layout_shoals, hangedman_shoals_cup_caves
Spider:1: layout_chambers, uniq_agnes
Orc:1:    layout_caves, bloody_makhleb
Orc:2:    st_orc_town, layout_diamond_mine

Skill      XL: |  1  2  3  4  5  6  7  8  9 10 11 12 13 14 15 |
---------------+----------------------------------------------+-----
Spellcasting   | 5 6 7 8 9 10 11 | 11.2
Invocations    | 1 2 3 4 5 6 7 8 9 10 | 10.9
Fighting       | 1 2 3 4 5 6 7 8 9 10 | 10.1
Short Blades   | 1 2 3 4 5 6 7 8 9 10 | 10.1
Long Blades    | 1 2 3 4 5 6 7 8 9 10 | 10.1
Axes           | 1 2 3 4 5 6 7 8 9 10 | 10.1
Maces & Flails | 1 2 3 4 5 6 7 8 9 10 | 10.1
Polearms       | 1 2 3 4 5 6 7 8 9 10 | 10.1
Staves         | 1 2 3 4 5 6 7 8 9 10 | 10.1
Slings         | 1 2 3 4 5 6 7 8 9 10 | 10.1
Bows           | 1 2 3 4 5 6 7 8 9 10 | 10.1
Crossbows      | 1 2 3 4 5 6 7 8 9 10 | 10.1
Throwing       | 1 2 3 4 5 6 7 8 9 10 | 10.1
Armour         | 1 2 3 4 5 6 7 8 9 10 | 10.1
Shields        | 1 2 3 4 5 6 7 8 9 10 | 10.1
Unarmed Combat | 1 2 3 4 5 6 7 8 9 10 | 10.1
Evocations     | 1 2 3 4 5 6 7 8 9 10 | 10.1
Hexes          | 1 2 3 4 5 6 7 8 |  8.5
Charms         | 1 2 3 4 5 6 7 8 |  8.5
Summonings     | 1 2 3 4 5 6 7 8 |  8.5
Necromancy     | 1 2 3 4 5 6 7 8 |  8.5
Translocations | 1 2 3 4 5 6 7 8 |  8.5
Transmutations | 1 2 3 4 5 6 7 8 |  8.5
Fire Magic     | 1 2 3 4 5 6 7 8 |  8.5
Ice Magic      | 1 2 3 4 5 6 7 8 |  8.5
Air Magic      | 1 2 3 4 5 6 7 8 |  8.5
Earth Magic    | 1 2 3 4 5 6 7 8 |  8.5
Poison Magic   | 1 2 3 4 5 6 7 8 |  8.5
Dodging        | 5 6 7 8 9 10 11 | 11.0
Stealth        | 5 6 7 8 9 10 | 10.9
Conjurations   | 8 9 10 11 | 11.0

Action                   |  1- 3 |  4- 6 |  7- 9 | 10-12 | 13-15 || total
-------------------------+-------+-------+-------+-------+-------++-------
Melee: Battleaxe         |       |    14 |   184 |   235 |   175 ||   608
       Bite              |       |       |    19 |    32 |    78 ||   129
       Eveningstar       |       |       |       |       |   576 ||   576
Throw: Dart              |       |       |       |     1 |       ||     1
       Boomerang         |       |       |       |    84 |   132 ||   216
 Cast: Magic Dart        |    48 |    57 |   221 |   207 |    92 ||   625
       Searing Ray       |       |     5 |    34 |    41 |       ||    80
       Dazzling Spray    |       |     4 |    47 |   257 |   268 ||   576
       Iskenderun's Myst |       |       |     3 |    13 |    20 ||    36
       Fulminant Prism   |       |       |       |       |    14 ||    14
       Summon Lightning  |       |       |       |       |   114 ||   114
       Iron Shot         |       |       |       |       |    22 ||    22
       Cause Fear        |       |       |       |       |     1 ||     1
Invok: Curse Item        |       |       |     3 |     1 |     2 ||     6
Evoke: Wand              |       |     4 |       |       |     8 ||    12
  Use: Scroll            |       |       |     5 |     9 |    25 ||    39
       Potion            |       |       |     4 |     4 |    10 ||    18
 Stab: Sleeping          |       |     2 |     5 |     1 |     9 ||    17
       Invisible         |       |       |     2 |    24 |    44 ||    70
       Distracted        |       |       |       |       |     7 ||     7
  Eat: Chunk             |       |     3 |     6 |    36 |    29 ||    74
       Ration            |       |     1 |     5 |     2 |     9 ||    17
Armor: Robe              |     1 |       |    24 |    49 |    87 ||   161
Dodge: Dodged            |     2 |    19 |   222 |   420 |   554 ||  1217
Block: Other             |       |       |       |    61 |    69 ||   130
       Reflection        |       |       |       |     2 |    29 ||    31
       Buckler           |       |       |       |       |   314 ||   314
